ORI
UNIVERSITY OF FLORIDA GATORS @ UNIVERSITY OF NEBRASKA CORNHUSKERS
11/20/2044
 
TOP OF THE 1ST
Carolina Mudcats batting - Pitching for Jupiter Hammerheads : LHP Shinkichi Kawase
Pitching: LHP Shinkichi Kawase
Batting: RHB Jose Restrepo 0-0: Called Strike
0-1: SINGLE (Groundball, 4M, EV 101.3 MPH) (infield hit)
Batting: RHB Andres Falcon 0-0: Ball
1-0: Ball
2-0: Called Strike
2-1: Fielders Choice at 2nd, 1-6 (Groundball, 13, EV 73.8 MPH)
Batting: LHB Miles Peeters 0-0: Called Strike
0-1: Ball
1-1: Ball
2-1: Grounds into double play, 4-6-3 (Groundball, 4, EV 82.5 MPH)
Top of the 1st over - 0 runs, 1 hit, 0 errors, 0 left on base; Carolina 0 - Jupiter 0
BOTTOM OF THE 1ST
Jupiter Hammerheads batting - Pitching for Carolina Mudcats : RHP Julio Espinel
Pitching: RHP Julio Espinel
Batting: RHB Lu Tieh 0-0: Ball
1-0: Ball
2-0: Called Strike
2-1: Ground out 4-3 (Groundball, 4, EV 98.1 MPH)
Batting: LHB Jake Fritz 0-0: Ball
1-0: SINGLE (Flyball, 4MD, EV 85.6 MPH)
Batting: LHB Randy Racine 0-0: Ball
1-0: Ball
Passed Ball!
Jake Fritz to second
2-0: Called Strike
2-1: Ground out U3 (Groundball, 3, EV 84.4 MPH)
Jake Fritz to third
Batting: LHB Juan Alba 0-0: Ball
1-0: Ball
2-0: Foul Ball, location: 2F
2-1: Ball
3-1: DOUBLE (Line Drive, 8RXD, EV 111.3 MPH)
Jake Fritz scores
Batting: RHB Fytor Sousa 0-0: Ground out U3 (Groundball, 34S, EV 66.9 MPH)
Bottom of the 1st over - 1 run, 2 hits, 0 errors, 1 left on base; Carolina 0 - Jupiter 1
TOP OF THE 2ND
Carolina Mudcats batting - Pitching for Jupiter Hammerheads : LHP Shinkichi Kawase
Batting: RHB Jason Andrews 0-0: Swinging Strike
0-1: Ball
1-1: Ball
2-1: Foul Ball, location: 2F
2-2: Foul Ball, location: 2F
2-2: Ball
3-2: Strikes out looking
Batting: RHB Jesse Villa 0-0: Ball
1-0: Called Strike
1-1: Ball
2-1: Ground out 6-3 (Groundball, 56, EV 85.0 MPH)
Batting: RHB Joey Arboleda 0-0: Ball
1-0: Ball
2-0: Ball
3-0: Called Strike
3-1: Foul Ball, location: 2F
3-2: SINGLE (Line Drive, 89S, EV 91.9 MPH)
Batting: RHB Adrian Gonzalez 0-0: Ball
1-0: Called Strike
1-1: Ball
2-1: Ball
3-1: Base on Balls
Joey Arboleda to second
Batting: RHB Ricky Fernandez 0-0: Swinging Strike
0-1: Ball
1-1: Ball
2-1: Ball
3-1: Called Strike
3-2: Strikes out swinging
Top of the 2nd over - 0 runs, 1 hit, 0 errors, 2 left on base; Carolina 0 - Jupiter 1
BOTTOM OF THE 2ND
Jupiter Hammerheads batting - Pitching for Carolina Mudcats : RHP Julio Espinel
Batting: LHB Joe Rosser 0-0: Ground out U3 (Groundball, 3, EV 84.4 MPH)
Batting: LHB Jason McCants 0-0: Ball
1-0: Swinging Strike
1-1: Swinging Strike
1-2: Ground out 4-3 (Groundball, 34D, EV 78.8 MPH)
Batting: RHB Pjotr Zwijnenburg 0-0: Ball
1-0: Called Strike
1-1: Foul Ball, location: 2F
1-2: Ball
2-2: Fly out, F3 (Flyball, 3D, EV 81.3 MPH)
Bottom of the 2nd over - 0 runs, 0 hits, 0 errors, 0 left on base; Carolina 0 - Jupiter 1
TOP OF THE 3RD
Carolina Mudcats batting - Pitching for Jupiter Hammerheads : LHP Shinkichi Kawase
Batting: RHB Julio Espinel 0-0: Swinging Strike
0-1: SINGLE (Groundball, 4D, EV 102.5 MPH)
Batting: RHB Jose Restrepo 0-0: Foul Ball, location: 2F
0-1: Called Strike
0-2: Ball
1-2: Ball
2-2: Fly out, F8 (Flyball, 8RD, EV 93.1 MPH)
Batting: RHB Andres Falcon 0-0: Grounds into double play, 6-4-3 (Groundball, 6M, EV 93.8 MPH)
Top of the 3rd over - 0 runs, 1 hit, 0 errors, 0 left on base; Carolina 0 - Jupiter 1
BOTTOM OF THE 3RD
Jupiter Hammerheads batting - Pitching for Carolina Mudcats : RHP Julio Espinel
Batting: RHB Shinkichi Kawase 0-0: Fly out, F8 (Flyball, 8RM, EV 83.8 MPH)
Batting: RHB Lu Tieh 0-0: Ball
1-0: Foul Ball, location: 2F
1-1: Foul Ball, location: 2F
1-2: Strikes out looking
Batting: LHB Jake Fritz 0-0: Ground out 1-3 (Groundball, 13S, EV 64.4 MPH)
Bottom of the 3rd over - 0 runs, 0 hits, 0 errors, 0 left on base; Carolina 0 - Jupiter 1
TOP OF THE 4TH
Carolina Mudcats batting - Pitching for Jupiter Hammerheads : LHP Shinkichi Kawase
Batting: LHB Miles Peeters 0-0: Ball
1-0: Foul Ball, location: 2F
1-1: Swinging Strike
1-2: Ball
2-2: Ball
3-2: Fly out, F7 (Line Drive, 7, EV 88.8 MPH)
Batting: RHB Jason Andrews 0-0: Ground out 5-3 (Groundball, 5, EV 80.6 MPH)
Batting: RHB Jesse Villa 0-0: Swinging Strike
0-1: Ball
1-1: Ball
2-1: Ground out 4-3 (Groundball, 4, EV 90.6 MPH)
Top of the 4th over - 0 runs, 0 hits, 0 errors, 0 left on base; Carolina 0 - Jupiter 1
BOTTOM OF THE 4TH
Jupiter Hammerheads batting - Pitching for Carolina Mudcats : RHP Julio Espinel
Batting: LHB Randy Racine 0-0: SINGLE (Groundball, 56D, EV 96.3 MPH)
Batting: LHB Juan Alba 0-0: Called Strike
0-1: Grounds into double play, 6-4-3 (Groundball, 6MS, EV 90.0 MPH)
Batting: RHB Fytor Sousa 0-0: Ball
1-0: Ground out 4-3 (Groundball, 4MS, EV 68.8 MPH)
Bottom of the 4th over - 0 runs, 1 hit, 0 errors, 0 left on base; Carolina 0 - Jupiter 1
TOP OF THE 5TH
Carolina Mudcats batting - Pitching for Jupiter Hammerheads : LHP Shinkichi Kawase
Batting: RHB Joey Arboleda 0-0: Ball
1-0: Foul Ball, location: 2F
1-1: SINGLE (Flyball, 8RS, EV 93.8 MPH)
Batting: RHB Adrian Gonzalez 0-0: Called Strike
0-1: Ball
1-1: Swinging Strike
1-2: Strikes out swinging
Batting: RHB Ricky Fernandez 0-0: Ball
1-0: Ball
2-0: Ball
3-0: Called Strike
3-1: Base on Balls
Joey Arboleda to second
Batting: RHB Julio Espinel 0-0: Bunted foul
0-1: Bunt missed!
0-2: Ball
1-2: Ball
2-2: Bunt missed, Strikeout!
Batting: RHB Jose Restrepo 0-0: Called Strike
0-1: Called Strike
0-2: Fielders Choice at 2nd, 6-4 (Groundball, 6, EV 93.8 MPH)
Top of the 5th over - 0 runs, 1 hit, 0 errors, 2 left on base; Carolina 0 - Jupiter 1
BOTTOM OF THE 5TH
Jupiter Hammerheads batting - Pitching for Carolina Mudcats : RHP Julio Espinel
Batting: LHB Joe Rosser 0-0: Called Strike
0-1: Swinging Strike
0-2: Ball
1-2: Fly out, F6 (Popup, 6, EV 71.3 MPH)
Batting: LHB Jason McCants 0-0: Foul Ball, location: 2F
0-1: Foul Ball, location: 2F
0-2: Ball
1-2: Ball
2-2: Foul Ball, location: 2F
2-2: Strikes out swinging
Batting: RHB Pjotr Zwijnenburg 0-0: Ball
1-0: Ground out 6-3 (Groundball, 6S, EV 65.0 MPH)
Bottom of the 5th over - 0 runs, 0 hits, 0 errors, 0 left on base; Carolina 0 - Jupiter 1
TOP OF THE 6TH
Carolina Mudcats batting - Pitching for Jupiter Hammerheads : LHP Shinkichi Kawase
Batting: RHB Andres Falcon 0-0: Called Strike
0-1: Foul Ball, location: 2F
0-2: Ball
1-2: Foul Ball, location: 2F
1-2: Fly out, F3 (Popup, 3L, EV 68.8 MPH)
Pitching: RHP Philip Veenstra
Now at C: Armando Colon
Batting: LHB Miles Peeters 0-0: Called Strike
0-1: SINGLE (Line Drive, 5D, EV 103.1 MPH)
Batting: RHB Jason Andrews 0-0: Ball
1-0: Called Strike
1-1: Fly out, F8 (Flyball, 89D, EV 86.3 MPH)
Batting: RHB Jesse Villa 0-0: Ball
1-0: Ball
2-0: Fly out, F8 (Flyball, 8LM, EV 81.9 MPH)
Top of the 6th over - 0 runs, 1 hit, 0 errors, 1 left on base; Carolina 0 - Jupiter 1
BOTTOM OF THE 6TH
Jupiter Hammerheads batting - Pitching for Carolina Mudcats : RHP Julio Espinel
Batting: RHB Armando Colon 0-0: Called Strike
0-1: Swinging Strike
0-2: Foul Ball, location: 2F
0-2: Strikes out looking
Batting: RHB Lu Tieh 0-0: Ball
1-0: Called Strike
1-1: Ball
2-1: Called Strike
2-2: Strikes out swinging
Batting: LHB Jake Fritz 0-0: Ball
1-0: Foul Ball, location: 2F
1-1: SINGLE (Line Drive, 78S, EV 103.8 MPH)
Batting: LHB Randy Racine 0-0: Ball
Jake Fritz steals 2nd base (no throw)
1-0: Called Strike
1-1: SINGLE (Groundball, 6S, EV 71.3 MPH) (infield hit)
Jake Fritz to third
Batting: LHB Juan Alba 0-0: Fielders Choice at 2nd, 5-4 (Groundball, 56, EV 76.9 MPH)
Bottom of the 6th over - 0 runs, 2 hits, 0 errors, 2 left on base; Carolina 0 - Jupiter 1
TOP OF THE 7TH
Carolina Mudcats batting - Pitching for Jupiter Hammerheads : RHP Philip Veenstra
Pitching: RHP David Fairbank
Batting: RHB Joey Arboleda 0-0: Ball
1-0: Ball
2-0: Fly out, F8 (Flyball, 8LS, EV 95.6 MPH)
Batting: RHB Adrian Gonzalez 0-0: Called Strike
0-1: Foul Ball, location: 2F
0-2: Strikes out looking
Batting: RHB Ricky Fernandez 0-0: Ball
1-0: Ball
2-0: Foul Ball, location: 2F
2-1: Fly out, F6 (Line Drive, 6, EV 68.1 MPH)
Top of the 7th over - 0 runs, 0 hits, 0 errors, 0 left on base; Carolina 0 - Jupiter 1
BOTTOM OF THE 7TH
Jupiter Hammerheads batting - Pitching for Carolina Mudcats : RHP Julio Espinel
Batting: RHB Fytor Sousa 0-0: Ball
1-0: Ball
2-0: Called Strike
2-1: Fly out, F7 (Flyball, 7LD, EV 93.8 MPH)
Batting: LHB Joe Rosser 0-0: Ball
1-0: Ball
2-0: Foul Ball, location: 2F
2-1: Ball
3-1: Swinging Strike
3-2: Strikes out swinging
Batting: LHB Jason McCants 0-0: Called Strike
0-1: Fly out, F8 (Flyball, 89D, EV 98.8 MPH)
Bottom of the 7th over - 0 runs, 0 hits, 0 errors, 0 left on base; Carolina 0 - Jupiter 1
TOP OF THE 8TH
Carolina Mudcats batting - Pitching for Jupiter Hammerheads : RHP David Fairbank
Pinch Hitting: RHB Jerry Delgado 0-0: Fly out, F6 (Line Drive, 6, EV 75.6 MPH)
Batting: RHB Jose Restrepo 0-0: Ball
1-0: Called Strike
1-1: Ground out 4-3 (Groundball, 4, EV 107.5 MPH)
Batting: RHB Andres Falcon 0-0: Ball
1-0: Ball
2-0: Swinging Strike
2-1: Called Strike
2-2: Foul Ball, location: 2F
2-2: Foul Ball, location: 2F
2-2: Ball
3-2: Foul Ball, location: 2F
3-2: Foul Ball, location: 2F
3-2: Strikes out swinging
Top of the 8th over - 0 runs, 0 hits, 0 errors, 0 left on base; Carolina 0 - Jupiter 1
BOTTOM OF THE 8TH
Jupiter Hammerheads batting - Pitching for Carolina Mudcats : RHP Julio Espinel
Pitching: RHP Alex Chipres
Pinch Hitting: RHB Tony Pedraza 0-0: Called Strike
0-1: Foul Ball, location: 2F
0-2: Ball
1-2: Foul Ball, location: 2F
1-2: Foul Ball, location: 2F
1-2: Ball
2-2: Strikes out looking
Batting: RHB Armando Colon 0-0: Ball
1-0: Ball
2-0: Foul Ball, location: 2F
2-1: Ball
3-1: Foul Ball, location: 2F
3-2: Base on Balls
Batting: RHB Lu Tieh 0-0: Called Strike
0-1: Ball
1-1: Swinging Strike
1-2: Ball
2-2: Strikes out swinging
Batting: LHB Jake Fritz 0-0: Ground out 6-3 (Groundball, P, EV 90.0 MPH)
Bottom of the 8th over - 0 runs, 0 hits, 0 errors, 1 left on base; Carolina 0 - Jupiter 1
TOP OF THE 9TH
Carolina Mudcats batting - Pitching for Jupiter Hammerheads : RHP David Fairbank
Pitching: LHP Alpo Pertusov
Batting: LHB Miles Peeters 0-0: Ball
1-0: Ball
2-0: SINGLE (Line Drive, 89S, EV 95.6 MPH)
Batting: RHB Jason Andrews 0-0: Ball
1-0: Called Strike
1-1: Foul Ball, location: 2F
1-2: Fly out, F9 (Flyball, 9LS, EV 86.9 MPH)
Batting: RHB Jesse Villa 0-0: Swinging Strike
0-1: Foul Ball, location: 2F
0-2: Foul Ball, location: 2F
0-2: DOUBLE (Line Drive, 5D, EV 96.3 MPH)
Miles Peeters to third
Batting: RHB Joey Arboleda 0-0: Called Strike
0-1: Called Strike
0-2: Foul Ball, location: 2F
0-2: Strikes out swinging
Batting: RHB Adrian Gonzalez 0-0: Intentional Walk
Batting: RHB Ricky Fernandez 0-0: Called Strike
0-1: Foul Ball, location: 2F
0-2: Strikes out swinging
Top of the 9th over - 0 runs, 2 hits, 0 errors, 3 left on base; Carolina 0 - Jupiter 1
Thursday, March 31st , 2022 - OOTP Baseball 22.12 Build 89